 Dungeon Crawl Stone Soup version 0.16-a0-324-g99bef82 (webtiles) character file.

144 PolkaDot the Cutter (level 5, -16/38 HPs)
             Began as a Vampire Death Knight on Sept 3, 2014.
             Was a Believer of Yredelemnul.
             Demolished by a large abomination (30 damage)
             ... on Level 2 of the Abyss.
             The game lasted 00:07:31 (2444 turns).

PolkaDot the Cutter (Vampire Death Knight)          Turns: 2444, Time: 00:07:34

HP -16/38        AC  4     Str 12      XL: 5   Next:  5%
MP   0/6         EV 10     Int 13      God: Yredelemnul [**....]
Gold 160         SH  0     Dex 14      Spells:  0 memorised,  4 levels left

rFire  . . .     SeeInvis +     c - +1 short sword (venom)
rCold  . . .     Clarity  .     b - +1 leather armour
rNeg   . . .     rCorr    .     (no shield)
rPois  .         rRot     .     (no helmet)
rElec  .         Spirit   +     (no cloak)
SustAb .         Warding  .     (no gloves)
rMut   .         Stasis   .     (no boots)
Gourm  .                        j - amulet of guardian spirit
MR     .....                    (no ring)
                                (no ring)

@: non-regenerating, diseased, not resistant to hostile enchantments, very
unstealthy
A: fangs 3, see invisible, unbreathing
a: Animate Remains, Recall Undead Slaves, Injury Mirror, Renounce Religion


You were on level 2 of the Abyss.
You worshipped Yredelemnul.
Yredelemnul was pleased with you.
You were very full.

You visited 1 branch of the dungeon, and saw 3 of its levels.
You visited the Abyss 1 time.

You collected 160 gold pieces.

Inventory:

Hand weapons
 a - a +1 short sword
 c - a +1 short sword of venom (weapon)
Armour
 b - a +1 leather armour (worn)
Scrolls
 h - 2 scrolls of identify
 l - 2 scrolls of fog
 p - a scroll of vulnerability {unknown}
Jewellery
 d - an uncursed ring of protection from cold {unknown}
 i - an uncursed ring of fire {unknown}
 j - an amulet of guardian spirit (around neck)
Potions
 f - a potion of curing
 n - a potion of might {unknown}


   Skills:
 - Level 1.7 Fighting
 * Level 5.8 Short Blades
 - Level 0.7 Armour
 - Level 1.1 Dodging
 - Level 2.4 Invocations


You had 4 spell levels left.
You didn't know any spells.

Dungeon Overview and Level Annotations

Branches:
Dungeon (3/15)

Altars:
Cheibriados
Gozag
Kikubaaqudgha
Okawaru
The Shining One

Annotations:
D:3 Jessica


Innate Abilities, Weirdness & Mutations

Your natural rate of healing is unusually fast.
You have razor-sharp teeth.
You have supernaturally acute eyesight.
You can survive without breathing.


Message History

As you read the scroll labeled POEBESTRAECA, it crumbles to dust.
You hear a very strange noise indeed.
It was a scroll of random uselessness.
The ufetubus hits you.
* * * LOW MAGIC WARNING * * *;
* * * LOW HITPOINT WARNING * * *
The ufetubus hits you but does no damage.
Read which item? (? for menu, Esc to quit)
As you read the scroll labeled THRUNL MIOTEO, it crumbles to dust.
The creatures around you are filled with an inner flame!
It was a scroll of immolation.
The ufetubus disappears in a puff of smoke!
The large abomination hits you but does no damage.
Read which item? (? for menu, Esc to quit)
As you read the scroll labeled TOIHOFIHIN, it crumbles to dust.
You feel blessed for a moment.
It was a scroll of remove curse.
The ynoxinul gestures.
The large abomination hits you!!
* * * LOW MAGIC WARNING * * *
Ouch! That really hurt!
You die...
Yredelemnul claims you as an undead slave.

.# ....# ≈ ≈
####.#....# .#≈ ≈
#.#.
..#.#.###..#≈≈
.#...###.......#..
# ..###..#..#.#
...#..x.#.#55..##
.x###.#.##.3.x..#
..# #
#...####.X###.#
.#..#..#.###
###@..# .
.#..##...# #...$##
.. #...#..
.###....# .. %
#.## .....#.# ...#
.#. #...#.#.. ...
. . .....#.... . .
## .. ..##.. . # #
#. #. #.. . ## #
.#.


You could see an ancient zyme (inner flame), a large abomination (inner flame),
a ynoxinul and 2 ufetubi.

Vanquished Creatures
  Sigmund (D:2)
  2 adders (D:2)
  A worm (D:2)
  5 orcs (D:3)
  5 bats
  4 goblins
  5 hobgoblins
  3 jackals (D:2)
  A ball python (D:2)
  3 giant cockroaches
  2 giant newts (D:2)
  4 kobolds
  5 rats
41 creatures vanquished.

Vanquished Creatures (collateral kills)
  A giant newt (D:3)
  A goblin (D:2)
2 creatures vanquished.

Vanquished Creatures (others)
  A small abomination (Abyss:2)
  An ufetubus (Abyss:2)
  A giant cockroach zombie (D:2)
  A rat skeleton (D:2)
4 creatures vanquished.

Grand Total: 47 creatures vanquished

Notes
Turn   | Place    | Note
--------------------------------------------------------------
     0 | D:1      | PolkaDot, the Vampire Death Knight, began the quest for the Orb.
     0 | D:1      | Reached XP level 1. HP: 16/16 MP: 1/1
   385 | D:1      | Reached skill level 3 in Short Blades
   503 | D:1      | Reached XP level 2. HP: 22/22 MP: 2/2
   673 | D:1      | Found an iron altar of Okawaru.
  1330 | D:2      | Reached skill level 4 in Short Blades
  1330 | D:2      | Reached XP level 3. HP: 13/27 MP: 4/4
  1336 | D:2      | Found an ancient bone altar of Kikubaaqudgha.
  1466 | D:2      | Noticed Sigmund
  1477 | D:2      | Killed Sigmund
  1477 | D:2      | Reached skill level 5 in Short Blades
  1477 | D:2      | Reached XP level 4. HP: 7/33 MP: 5/5
  1651 | D:2      | Acquired Yredelemnul's second power
  2063 | D:3      | Found a snail-covered altar of Cheibriados.
  2078 | D:3      | Found an opulent altar of Gozag.
  2141 | D:3      | Found a glowing golden altar of the Shining One.
  2153 | D:3      | Reached XP level 5. HP: 35/38 MP: 4/6
  2303 | D:3      | Noticed Jessica
  2311 | D:3      | Cast into the Abyss (Jessica)
  2317 | Abyss:1  | Noticed a small abomination
  2364 | Abyss:2  | Noticed a spiny frog skeleton
  2407 | Abyss:2  | Noticed a small abomination
  2409 | Abyss:2  | Noticed a ynoxinul
  2409 | Abyss:2  | Killed a small abomination
  2421 | Abyss:2  | Noticed an ancient zyme
  2426 | Abyss:2  | Noticed a large abomination
  2444 | Abyss:2  | Demolished by a large abomination

Action                   |  1- 3 |  4- 6 || total
-------------------------+-------+-------++-------
Melee: Short sword       |    60 |    42 ||   102
Invok: Animate Remains   |       |     6 ||     6
  Use: Potion            |     4 |       ||     4
       Scroll            |       |     6 ||     6
  Eat: Corpse            |     6 |     7 ||    13
